 Dungeon Crawl Stone Soup version 0.22-a0-392-g5dc3fd9 (webtiles) character file.

17992 varam the Blocker (level 12, 0/119 HPs)
             Began as a Troll Monk on May 2, 2018.
             Was a High Priest of Cheibriados.
             Killed from afar by Fannar (32 damage)
             ... with a bolt of cold
             ... on level 12 of the Dungeon.
             The game lasted 00:45:03 (11161 turns).

varam the Blocker (Troll Monk)                     Turns: 11161, Time: 00:45:03

Health: 0/119      AC: 10    Str: 39    XL:     12   Next: 23%
Magic:  13/15      EV: 15    Int: 22    God:    Cheibriados [*****.]
Gold:   585        SH: 14    Dex: 24    Spells: 5/15 levels left

rFire    . . .     SeeInvis +     - Unarmed
rCold    . . .     Gourm    +   m - +0 shield
rNeg     . . .     Faith    .   R - +3 troll leather armour
rPois    .         Spirit   .   (helmet restricted)
rElec    .         Reflect  .   (no cloak)
rCorr    .         Harm     .   (gloves unavailable)
MR       .....                  (boots unavailable)
Stlth    ++........             (no amulet)
HPRegen  1.09/turn              l - +3 ring of evasion
MPRegen  0.14/turn              i - ring of see invisible

@: mighty, very slow
A: large, unfitting armour, claws 3, fast metabolism 3, gourmand, regeneration
1, shaggy fur 1, tough skin 2
a: Bend Time, Temporal Distortion, Slouch, Step From Time, Renounce Religion


You were on level 12 of the Dungeon.
You worshipped Cheibriados.
Cheibriados was extremely pleased with you.
You were full.

You visited 2 branches of the dungeon, and saw 13 of its levels.

You collected 682 gold pieces.
You spent 97 gold pieces at shops.

Inventory:

Hand Weapons
 o - a +1 hunting sling of freezing
 Q - the +6 war axe "Yrir" {flame, +Inv Int+4}
   (You took it off Grum on level 10 of the Dungeon)

   It has been specially enchanted to burn those struck by it, causing extra
   injury to most foes and up to half again as much damage against particularly
   susceptible opponents.
   Big, fiery blades are also staple armaments of hydra-hunters.
   It affects your intelligence (+4).
   It lets you turn invisible.
Missiles
 s - 20 tomahawks
 u - 17 large rocks (quivered)
 y - 121 sling bullets
Armour
 m - a +0 shield (worn)
 C - a +1 robe of fire resistance
 F - a +2 robe of magic resistance
 R - a +3 troll leather armour (worn)
Jewellery
 f - an uncursed ring of protection from fire
 g - a +6 ring of strength
 i - a ring of see invisible (right claw)
 l - a +3 ring of evasion (left claw)
 n - an uncursed ring of positive energy
 x - a +3 ring of dexterity
 N - an uncursed ring of magical power
Wands
 a - a wand of iceblast (33) {@v4}
 v - a wand of digging (4)
 I - a wand of clouds (7) {@v3}
Scrolls
 b - 5 scrolls of fog
 c - 4 scrolls of magic mapping
 p - 2 scrolls of enchant weapon
 r - 2 scrolls of identify
 t - 3 scrolls of teleportation
 z - 2 scrolls of blinking
 B - a scroll of random uselessness {unknown}
 E - 4 scrolls of remove curse
 G - 3 scrolls of noise
 K - a scroll of vulnerability {unknown}
 O - a scroll of amnesia {unknown}
 P - a scroll of immolation {unknown}
Potions
 h - 2 potions of cancellation {unknown}
 j - 2 potions of lignification
 k - 3 potions of berserk rage
 q - 6 potions of curing
 w - a potion of heal wounds
 A - a potion of brilliance
 D - 2 potions of mutation {unknown}
 H - a potion of invisibility {unknown}
 J - a potion of resistance {unknown}
 L - 3 potions of degeneration {unknown}
 M - 2 potions of agility {unknown}
 S - a potion of haste {unknown}
 U - a potion of magic {unknown}
Miscellaneous
 T - a phantom mirror
Comestibles
 e - 18 rations


   Skills:
 * Level 8.0 Fighting
 + Level 3.0 Throwing
 - Level 3.8 Dodging
 - Level 1.6 Stealth
 - Level 9.0 Shields
 + Level 8.9 Unarmed Combat
 - Level 2.0 Spellcasting
 - Level 3.2 Hexes
 - Level 2.0 Necromancy
 - Level 3.6 Transmutations
 - Level 2.0 Earth Magic
 + Level 6.1 Invocations


You had 5 spell levels left.
You knew the following spells:

 Your Spells              Type           Power        Failure   Level  Hunger
a - Confusing Touch       Hex            ###...       3%          1    #......
b - Animate Skeleton      Necr           N/A          6%          1    #......
c - Passwall              Tmut/Erth      ##........   7%          2    ##.....
d - Beastly Appendage     Tmut           ###...       3%          1    #......
e - Spider Form           Tmut/Pois      ##........   22%         3    ###....
f - Blink                 Tloc           N/A          22%         2    ##.....


Dungeon Overview and Level Annotations

Branches:
Dungeon (12/15)            Temple (1/1) D:5            Lair (0/6) D:10
    Orc (0/2) D:9

Altars:
Ashenzari
Cheibriados
Dithmenos
Elyvilon
Fedhas
Gozag
Hepliaklqana
Kikubaaqudgha
Makhleb
Nemelex Xobeh
Okawaru
Qazlal
Ru
Sif Muna
Trog
Uskayaw
Vehumet
Wu Jian
Xom
Yredelemnul
Zin
The Shining One

Shops:
D:6 :   D:9 ?

Annotations:
D:9 2 transporters
D:10 exclusion: ice statue
D:12 Fannar


Innate Abilities, Weirdness & Mutations

You are too large for most types of armour.
You have claws for hands.
Your metabolism is lightning-fast.
You like to eat raw meat.
Your natural rate of healing is unusually fast.
You are covered in fur. (AC +1)
You have very tough skin. (AC +2)


Message History

You kill the ice beast!
You closely miss the ice beast. The ice beast closely misses you.
You claw the ice beast!
The ice beast is heavily wounded.
The ice beast hits you. The ice beast freezes you!
Okay, then.
You fail to use your ability.
Fannar mumbles some strange words.
Fannar drains the heat from the surrounding environment!
You feel very cold.
* * * LOW HITPOINT WARNING * * *
Fannar is frozen.
Fannar resists.
Fannar is severely wounded.
You block the ice beast's attack.
Okay, then.
You feel very mighty all of a sudden.
Fannar points at you and mumbles some strange words.
The bolt of cold hits the ice beast.
The ice beast completely resists.
The bolt of cold hits you!
You die...

#..# #.(# #..#
#..# #e.# #..#
#..#
#.e######.#
#.YY@.....#
......#########
#######


You could see Fannar and 2 ice beasts.

Vanquished Creatures
  Josephine (D:10)
  6 two-headed ogres
  Nergalle (D:10)
  3 unseen horrors
  Pikel (D:7)
  2 ugly things
  2 cyclopes (D:11)
  Joseph (D:9)
  2 trolls
  A hornet (D:12)
  2 hippogriffs
  The ghost of VDreamerV the Changer, an amateur OpTm of Cheibriados (D:5)
  4 wyverns
  4 yaks (D:12)
  3 wraiths (D:10)
  Sigmund (D:3)
  Grum (D:10)
  A hungry ghost (D:8)
  An acid dragon (D:12)
  2 sky beasts
  5 orc warriors
  An ice beast (D:5)
  3 slaves (D:7)
  3 black bears
  2 phantoms
  2 wolves (D:10)
  5 ogres
  3 centaurs
  Blork the orc (D:5)
  A crocodile (D:11)
  2 big kobolds (D:8)
  8 bullfrogs
  2 wyvern skeletons
  3 scorpions
  8 killer bees
  4 wights (D:8)
  5 howler monkeys
  A bullfrog zombie (D:12)
  3 quasits
  10 orc priests
  8 orc wizards
  4 jellies
  6 hounds
  2 bullfrog skeletons
  3 centaur skeletons
  4 iguanas
  Natasha (thrice) (D:3)
  8 worker ants
  2 hound zombies
  A hound skeleton (D:8)
  10 adders
  10 gnolls
  4 shadow imps
  An ooze (D:4)
  An adder skeleton (D:5)
  3 worms (D:3)
  3 dart slugs
  6 leopard geckos
  31 orcs
  A ball python (D:3)
  9 bats
  3 giant cockroaches
  11 goblins
  11 hobgoblins
  6 jackals
  3 quokkas
  A ball python zombie (D:5)
  6 frilled lizards
  A jackal zombie (D:5)
  17 kobolds
  A leopard gecko skeleton (D:6)
  A quokka skeleton (D:5)
  9 rats
  A bush (D:7)
303 creatures vanquished.

Vanquished Creatures (collateral kills)
  A troll (D:10)
  An orc (D:12)
2 creatures vanquished.

Vanquished Creatures (others)
  2 plants (D:5)
2 creatures vanquished.

Grand Total: 307 creatures vanquished

Notes
Turn   | Place    | Note
-------+----------+-------------------------------------------
     0 | D:1      | varam the Troll Monk began the quest for the Orb.
     0 | D:1      | Reached XP level 1. HP: 22/22 MP: 0/0
   134 | D:1      | Reached XP level 2. HP: 24/29 MP: 1/1
   354 | D:1      | Reached XP level 3. HP: 36/36 MP: 2/2
  1361 | D:2      | Reached XP level 4. HP: 42/44 MP: 3/3
  1780 | D:3      | Noticed Natasha
  1790 | D:3      | Killed Natasha
  1826 | D:3      | Noticed Sigmund
  1835 | D:3      | Killed Sigmund
  1835 | D:3      | Reached skill level 2 in Shields
  1835 | D:3      | Reached XP level 5. HP: 39/53 MP: 4/4
  1955 | D:3      | Reached XP level 6. HP: 61/61 MP: 5/5
  2108 | D:3      | Reached skill level 5 in Unarmed Combat
  2258 | D:3      | Noticed Natasha
  2448 | D:3      | Killed Natasha
  2457 | D:3      | Noticed Natasha
  2466 | D:3      | Killed Natasha
  2797 | D:4      | Reached skill level 3 in Shields
  2814 | D:4      | Reached XP level 7. HP: 63/67 MP: 6/6
  3032 | D:5      | Entered Level 5 of the Dungeon
  3074 | D:5      | Found a glowing silver altar of Zin.
  3246 | D:5      | Reached skill level 4 in Shields
  3323 | D:4      | Reached XP level 8. HP: 48/75 MP: 7/7
  3906 | D:5      | Noticed VDreamerV's ghost (amateur OpTm)
  3956 | D:5      | Killed VDreamerV's ghost
  3956 | D:5      | Reached skill level 5 in Shields
  4013 | D:5      | Found a bloodstained altar of Trog.
  4315 | D:5      | Noticed Blork the orc
  4320 | D:5      | Killed Blork the orc
  4535 | D:5      | Found a staircase to the Ecumenical Temple.
  4541 | Temple   | Entered the Ecumenical Temple
  4604 | Temple   | Became a worshipper of Cheibriados the Contemplative
  4604 | Temple   | Reached * piety under Cheibriados
  4604 | Temple   | Reached ** piety under Cheibriados
  4766 | D:6      | Found Gont's Book Shop.
  4789 | D:6      | Reached skill level 6 in Shields
  4813 | D:6      | Learned a level 1 spell: Confusing Touch
  4815 | D:6      | Learned a level 1 spell: Animate Skeleton
  4818 | D:6      | Learned a level 2 spell: Passwall
  4828 | D:6      | Found a shimmering altar of Xom.
  4841 | D:6      | Reached skill level 1 in Invocations
  4859 | D:6      | Learned a level 1 spell: Beastly Appendage
  4974 | D:6      | Noticed a two-headed ogre
  4986 | D:6      | Reached XP level 9. HP: 57/83 MP: 6/8
  4994 | D:6      | Killed a two-headed ogre
  5118 | D:6      | Found a shattered altar of Ashenzari.
  5146 | D:6      | Reached skill level 7 in Shields
  5157 | D:6      | Found a radiant altar of Vehumet.
  5372 | D:7      | Noticed a two-headed ogre
  5408 | D:7      | Noticed Pikel
  5497 | D:7      | Killed Pikel
  5545 | D:7      | Killed a two-headed ogre
  5545 | D:7      | Reached skill level 8 in Shields
  5588 | D:7      | Reached XP level 10. HP: 85/92 MP: 10/10
  5704 | D:7      | Reached skill level 9 in Shields
  5766 | D:7      | Found a blossoming altar of Fedhas.
  5779 | D:7      | Reached *** piety under Cheibriados
  6395 | D:8      | Reached skill level 1 in Earth Magic
  6467 | D:8      | Reached skill level 1 in Necromancy
  6522 | D:8      | Learned a level 3 spell: Spider Form
  6541 | D:8      | Reached skill level 1 in Transmutations
  6653 | D:8      | Reached skill level 1 in Hexes
  6709 | D:8      | Noticed a two-headed ogre
  6721 | D:8      | Killed a two-headed ogre
  6721 | D:8      | Reached skill level 1 in Spellcasting
  6997 | D:8      | Reached **** piety under Cheibriados
  7557 | D:9      | Noticed Joseph
  7567 | D:9      | Killed Joseph
  7655 | D:9      | Found a hazy altar of Hepliaklqana.
  7657 | D:9      | Found a staircase to the Orcish Mines.
  7691 | D:9      | Noticed a two-headed ogre
  7701 | D:9      | Killed a two-headed ogre
  7701 | D:9      | Reached skill level 5 in Fighting
  8035 | D:9      | Found a transporter.
  8037 | D:9      | Noticed a six-headed hydra
  8039 | D:9      | Found an ancient bone altar of Kikubaaqudgha.
  8071 | D:9      | Reached XP level 11. HP: 98/102 MP: 11/13
  8089 | D:9      | Found a transporter.
  8183 | D:9      | Found an iron altar of Okawaru.
  8183 | D:9      | Found a glowing golden altar of the Shining One.
  8184 | D:9      | Found a shadowy altar of Dithmenos.
  8280 | D:9      | Found Hahe's Magic Scroll Emporium.
  8288 | D:9      | Bought a scroll of blinking for 97 gold pieces
  8304 | D:9      | Noticed an unseen horror
  8314 | D:9      | Killed an unseen horror
  8527 | D:9      | Found a burning altar of Makhleb.
  8529 | D:9      | Found a deep blue altar of Sif Muna.
  8680 | D:10     | Entered Level 10 of the Dungeon
  8709 | D:10     | Noticed an unseen horror
  8716 | D:10     | Killed an unseen horror
  8899 | D:10     | Reached ***** piety under Cheibriados
  8923 | D:10     | Noticed Grum
  8949 | D:10     | Killed Grum
  8978 | D:10     | Got an ichor-stained war axe {flame}
  8979 | D:10     | Identified the +6 war axe "Yrir" {flame, +Inv Int+4} (You took it off Grum on level 10 of the Dungeon)
  9054 | D:10     | Noticed Josephine
  9064 | D:10     | Killed Josephine
  9104 | D:10     | Noticed Nergalle
  9119 | D:10     | Killed Nergalle
  9159 | D:10     | Noticed an unseen horror
  9174 | D:10     | Killed an unseen horror
  9174 | D:10     | Reached skill level 5 in Invocations
  9465 | D:10     | Found a staircase to the Lair.
  9611 | D:11     | Learned a level 2 spell: Blink
  9767 | D:11     | Reached skill level 1 in Throwing
  9964 | D:11     | Noticed a purple ugly thing
  9968 | D:11     | Killed a purple ugly thing
 10610 | D:12     | Noticed a deep elf mage
 10814 | D:12     | Noticed a two-headed ogre
 10815 | D:12     | Noticed a two-headed ogre
 10845 | D:12     | Killed a two-headed ogre
 10845 | D:12     | Reached XP level 12. HP: 85/118 MP: 11/15
 10893 | D:12     | Killed a two-headed ogre
 11127 | D:12     | Noticed Fannar
 11161 | D:12     | Killed from afar by Fannar

Vault maps used:
D:1:      dpeg_arrival_signposts
D:3:      first_ration, uniq_natasha, uniq_sigmund
D:5:      lemuel_crystal_altar, bloody_trog, minmay_temple_entry_fiery,
          kennysheep_boxes, uniq_blork_the_orc
D:6:      grunt_temple_overflow_open, lemuel_doored_altar, serial_shops, shop
D:7:      fedhas_bush_and_centaur_altar, uniq_pikel
D:9:      nicolae_overflow_crystal_walls, gammafunk_temple_overflow_arena,
          lemuel_crystal_altar, minitemple, overflow_temple_1_default,
          orc_0_dummy, serial_shops, shop, uniq_joseph
D:10:     minmay_statue_hallways, grunt_lair_entry_orc_guard_hut, uniq_nergalle,
          uniq_grum, uniq_josephine
D:12:     cheibrodos_elevator_heist, uniq_fannar
Temple:   cyrus_temple_forest

Skill      XL: |  1  2  3  4  5  6  7  8  9 10 11 12 |
---------------+-------------------------------------+-----
Fighting       | 3 5 7 8 |  8.0
Dodging        | 3 |  3.8
Shields        | 2 3 4 6 8 9 |  9.0
Unarmed Combat | 4 5 6 8 |  8.9
Invocations    | 1 2 4 5 6 |  6.1
Earth Magic    | 2 |  2.0
Necromancy     | 2 |  2.0
Transmutations | 2 3 |  3.6
Hexes          | 2 3 |  3.2
Spellcasting   | 1 2 |  2.0
Throwing       | 2 3 |  3.0
Stealth        | |  1.6

Action                   |  1- 3 |  4- 6 |  7- 9 | 10-12 || total
-------------------------+-------+-------+-------+-------++-------
Melee: Unarmed           |   108 |   132 |   242 |   529 ||  1011
       Punch             |     1 |     1 |     4 |       ||     6
       Kick              |       |       |       |     7 ||     7
       Headbutt          |       |       |       |     1 ||     1
 Fire: Hunting sling     |       |       |     5 |       ||     5
Throw: Tomahawk          |       |       |     4 |    17 ||    21
       Large rock        |       |       |     2 |    13 ||    15
 Cast: Confusing Touch   |       |       |     1 |     5 ||     6
       Animate Skeleton  |       |       |       |     6 ||     6
       Passwall          |       |       |       |     3 ||     3
       Beastly Appendage |       |       |       |     2 ||     2
Invok: Bend Time         |       |       |     2 |    13 ||    15
       Temporal Distorti |       |       |       |     1 ||     1
Evoke: Wand              |       |       |     1 |       ||     1
  Use: Potion            |       |       |     1 |     4 ||     5
       Scroll            |       |       |     7 |    11 ||    18
 Stab: Sleeping          |     4 |     2 |     4 |     9 ||    19
       Confused          |       |       |       |     1 ||     1
  Eat: Chunk             |    15 |    14 |    25 |    33 ||    87
Armor: Robe              |    46 |    31 |    34 |    44 ||   155
       Troll leather arm |       |       |       |    16 ||    16
Dodge: Dodged            |    46 |    41 |    92 |   191 ||   370
Block: Shield            |       |    14 |    49 |   323 ||   386

Table legend:
 A = Spawn XP
 B = Non-spawn XP
 C = Spawn XP percentage of total XP
 D = Spawn monster count
 E = Non-spawn monster count
 F = Spawn count percentage of total count
 G = Total turns spent on level
                    A         B        C        D         E        F      G
               +---------+---------+-------+---------+---------+-------+---------
         Total |       0 |   25703 |   0.0 |       0 |     301 |   0.0 | 11161
               +---------+---------+-------+---------+---------+-------+---------
           D:1 |       0 |      43 |   0.0 |       0 |      25 |   0.0 |   720
           D:2 |       0 |      70 |   0.0 |       0 |      28 |   0.0 |  1029
           D:3 |       0 |     508 |   0.0 |       0 |      36 |   0.0 |  1040
           D:4 |       0 |     620 |   0.0 |       0 |      24 |   0.0 |   902
           D:5 |       0 |    1102 |   0.0 |       0 |      22 |   0.0 |   914
           D:6 |       0 |    1584 |   0.0 |       0 |      15 |   0.0 |   617
           D:7 |       0 |    2130 |   0.0 |       0 |      17 |   0.0 |   974
           D:8 |       0 |    3408 |   0.0 |       0 |      42 |   0.0 |  1270
           D:9 |       0 |    2560 |   0.0 |       0 |      12 |   0.0 |  1127
          D:10 |       0 |    5743 |   0.0 |       0 |      25 |   0.0 |   982
          D:11 |       0 |    3207 |   0.0 |       0 |      21 |   0.0 |   984
          D:12 |       0 |    4728 |   0.0 |       0 |      34 |   0.0 |   515
               +---------+---------+-------+---------+---------+-------+---------
